 Dungeon Crawl Stone Soup version 0.28.0-53-g5a82cb258f (webtiles) character file.

Game seed: 9625825559484603746

1006 zcampers the Cleaver (level 8, -4/70 HPs)
             Began as a Minotaur Berserker on Aug 3, 2022.
             Was a Follower of Trog.
             Succumbed to Duvessa's poison
             ... on level 5 of the Dungeon.
             The game lasted 00:05:14 (3102 turns).

zcampers the Cleaver (Minotaur Berserker)           Turns: 3102, Time: 00:05:15

Health: -4/70      AC: 14    Str: 24    XL:     8   Next: 0%
Magic:  7/7        EV: 15    Int:  4    God:    Trog [*.....]
Gold:   93         SH:  0    Dex: 10    Spells: 7/7 levels left

rFire   + . .      SeeInvis .   a - +0 hand axe (protect)
rCold   . . .      Faith    .   (no shield)
rNeg    . . .      Spirit   .   b - +0 scale mail
rPois   .          Reflect  .   (helmet restricted)
rElec   .          Harm     .   (no cloak)
rCorr   .          Rampage  .   (no gloves)
Will    +....                   (no boots)
Stlth   ..........              (no amulet)
HPRegen 0.21/turn               f - ring of protection from fire
MPRegen 0.10/turn               i - +4 ring of evasion

@: lethally poisoned (-4 -> -34), under a protective aura, on berserk cooldown
A: horns 2, retaliatory headbutt, claws 1, strong-willed 1
a: Renounce Religion, Berserk


You were on level 5 of the Dungeon.
You worshipped Trog.
Trog was aware of your devotion.
You visited 1 branch of the dungeon, and saw 5 of its levels.
You also visited: Sewer.

You collected 159 gold pieces.
You spent 66 gold pieces at shops.

Inventory:

Hand Weapons
 a - a +0 hand axe of protection (weapon)
Armour
 b - a +0 scale mail (worn)
Jewellery
 d - a ring of protection from fire
 f - a ring of protection from fire (left claw)
 i - a +4 ring of evasion (right claw)
Wands
 r - a wand of flame (10)
Scrolls
 g - 2 scrolls of fog
 j - 2 scrolls of identify
 k - a scroll of fear
 l - a scroll of teleportation
 p - 2 scrolls of holy word
Potions
 c - a potion of ambrosia {unknown}
 h - a potion of haste {unknown}
 n - a potion of cancellation {unknown}
 o - a potion of invisibility {unknown}
 s - 2 potions of brilliance {unknown}


   Skills:
 + Level 6.2 Fighting
 + Level 8.1 Axes
 + Level 5.5 Armour
 + Level 4.0 Dodging
 + Level 1.1 Stealth


You had 7 spell levels left.
You didn't know any spells.
Your spell library was empty.

Dungeon Overview and Level Annotations

Branches:
Dungeon (5/15)             Temple (0/1) D:5           Sewer (visited)

Altars:
Cheibriados
Dithmenos

Shops:
D:4 ?


Innate Abilities, Weirdness & Mutations

You have a pair of horns on your head.
You reflexively headbutt those who attack you in melee.
You have sharp fingernails.
You are strong-willed. (Will+)


Message History

Duvessa hits you with a +0 short sword of venom.
* * * LOW HITPOINT WARNING * * *
You are lethally poisoned!
Duvessa barely misses you.
Okay, then.
It was a potion of curing.
You feel better.
Duvessa hits you with a +0 short sword of venom!
* * * LOW HITPOINT WARNING * * *
You are lethally poisoned!
Duvessa barely misses you. You furiously retaliate!
You headbutt Duvessa, but do no damage.
Duvessa hits you with a +0 short sword of venom.
* * * LOW HITPOINT WARNING * * *
You feel better. Duvessa barely misses you. You furiously retaliate!
You headbutt Duvessa! Duvessa barely misses you.
Unknown command.
You hit Duvessa but do no damage.
Your weapon exudes an aura of protection.
You headbutt Duvessa! Your claw misses Duvessa.
Duvessa is severely wounded.
Duvessa hits you but does no damage.
You are poisoned.
Duvessa completely misses you.
Okay, then.
Unknown command.
Unknown command.
You slash Duvessa! You headbutt Duvessa. You claw Duvessa, but do no damage.
Duvessa is almost dead.
You feel very sick.
Duvessa hits you with a +0 short sword of venom.
* * * LOW HITPOINT WARNING * * *
You are lethally poisoned!
Duvessa hits you with a +0 short sword of venom.
* * * LOW HITPOINT WARNING * * *
You are more poisoned.
You hit Duvessa.
You kill Duvessa!
Trog accepts your kill.
You feel yourself speed up.
You die...

.#.#.#....##......##
#.>.#.....######'##
.#.#.#..>.# ##...##
#.#.#...###
##.....## .#.#....#
##.......## ......
#...†)....# ......
+.........+ #####.
#.........#
##...@...##
##..)..## ##.......
##.###### #.# #.#
#.# ...


There were no monsters in sight!

Vanquished Creatures
  Eustachio (D:5)
  Menkaure (D:5)
  A water moccasin (Sewer)
  Duvessa (D:5)
  A black bear (D:5)
  An ogre (D:5)
  A scorpion (D:4)
  Dowan (D:5)
  A water moccasin skeleton (D:4)
  A wight (D:4)
  2 orc priests
  A bullfrog skeleton (D:5)
  2 iguanas (D:5)
  Ijyb (D:4)
  An orc wizard (D:4)
  An adder (D:3)
  An adder skeleton (D:4)
  A worm (D:3)
  5 orcs
  5 ball pythons
  3 endoplasms (D:4)
  5 giant cockroaches
  3 goblins
  3 hobgoblins (D:4)
  3 jackals
  6 quokkas
  3 frilled lizards
  4 kobolds
60 creatures vanquished.

Notes
Turn   | Place    | Note
-------+----------+-------------------------------------------
     0 | D:1      | zcampers the Minotaur Berserker began the quest for the
                  | Orb.
     0 | D:1      | Reached XP level 1. HP: 19/19 MP: 0/0
   630 | D:1      | Reached XP level 2. HP: 17/27 MP: 1/1
  1016 | D:2      | Reached skill level 4 in Axes
  1016 | D:2      | Reached XP level 3. HP: 34/34 MP: 2/2
  1017 | D:2      | You fall into a shaft and drop 1 floor!
  1222 | D:3      | Found a glowing drain.
  1268 | Sewer    | Entered a sewer
  1332 | Sewer    | Gained mutation: You are strong-willed. (Will+) [potion of
                  | mutation]
  1332 | Sewer    | Gained mutation: You have sharp fingernails. [potion of
                  | mutation]
  1334 | Sewer    | Noticed a water moccasin
  1342 | Sewer    | Killed a water moccasin
  1343 | Sewer    | Reached skill level 5 in Fighting
  1343 | Sewer    | Reached skill level 5 in Axes
  1343 | Sewer    | Reached XP level 4. HP: 42/42 MP: 3/3
  1343 | Sewer    | Reached XP level 5. HP: 48/48 MP: 4/4
  1988 | D:4      | Found Kiludirr's Magic Scroll Shoppe.
  2005 | D:4      | Bought a scroll of identify for 22 gold pieces
  2005 | D:4      | Bought a scroll of identify for 22 gold pieces
  2005 | D:4      | Bought a scroll of identify for 22 gold pieces
  2048 | D:4      | Found a shadowy altar of Dithmenos.
  2191 | D:4      | Reached XP level 6. HP: 56/56 MP: 5/5
  2283 | D:4      | Reached skill level 6 in Axes
  2394 | D:4      | Noticed Ijyb
  2401 | D:4      | Killed Ijyb
  2554 | D:4      | Reached ** piety under Trog
  2557 | D:4      | Found a snail-covered altar of Cheibriados.
  2674 | D:5      | Entered Level 5 of the Dungeon
  2699 | D:5      | Found a staircase to the Ecumenical Temple.
  2711 | D:5      | Reached XP level 7. HP: 62/62 MP: 6/6
  2781 | D:5      | Reached skill level 7 in Axes
  2928 | D:5      | Noticed Menkaure
  2938 | D:5      | Killed Menkaure
  2939 | D:5      | Reached skill level 1 in Stealth
  3066 | D:5      | Noticed Eustachio
  3079 | D:5      | Reached skill level 5 in Armour
  3079 | D:5      | Killed Eustachio
  3083 | D:5      | Noticed Dowan
  3084 | D:5      | Noticed Duvessa
  3087 | D:5      | Killed Dowan
  3088 | D:5      | Reached skill level 8 in Axes
  3094 | D:5      | HP: 1/63 [Duvessa/+0 short sword of venom (8)]
  3095 | D:5      | Reached XP level 8. HP: 2/70 MP: 7/7
  3102 | D:5      | Killed Duvessa
  3102 | D:5      | Succumbed to Duvessa's poison

Illustrated notes

Levels and vault maps discovered:
D:1:      lemuel_arrival_river_bridge, layout_basic, serial_bayou_lake_a
D:2:      layout_basic, basic_altar
D:3:      layout_basic, gup_sewer_entry_pipe
D:4:      layout_rooms, mainiacjoe_overflow_alcove_1, kennysheep_mini,
          nicolae_stop_n_shop_2, minmay_quadrilaterals, uniq_ijyb
D:5:      layout_loops_corners, minmay_temple_entry_grid,
          pf_guarded_unrand_delatra, uniq_duvessa, uniq_eustachio, uniq_menkaure

Skill      XL: |  1  2  3  4  5  6  7 |
---------------+----------------------+-----
Fighting       | 4 5 6 |  6.2
Axes           | 4 5 6 8 |  8.1
Armour         | 3 4 5 |  5.5
Dodging        | 3 4 |  4.0
Stealth        | 1 |  1.1

Action                   |  1- 3 |  4- 6 |  7- 9 || total
-------------------------+-------+-------+-------++-------
Melee: Hand axe          |    49 |    86 |    33 ||   168
       Headbutt          |    10 |    11 |     7 ||    28
       Punch             |       |     1 |     1 ||     2
Invok: Berserk           |     2 |     2 |     2 ||     6
  Use: Scroll            |     4 |     4 |       ||     8
       Potion            |     1 |       |     5 ||     6
Armor: Animal skin       |     4 |       |       ||     4
       Leather armour    |     8 |       |       ||     8
       Scale mail        |       |    23 |    13 ||    36
Dodge: Dodged            |    44 |    59 |    32 ||   135
